 Dungeon Crawl Stone Soup version 0.32-a0-913-g739538afd8 (webtiles) character file.

Game seed: 12694132973443924859

553 Biggs the Changeling (level 7, 0/43 HPs)
             Began as an Octopode Shapeshifter on Apr 9, 2024.
             Slain by Menkaure (23 damage)
             ... on level 4 of the Dungeon.
             The game lasted 00:07:30 (3892 turns).

Biggs the Changeling (Octopode Shapeshifter)        Turns: 3892, Time: 00:07:31

Health: 0/43       AC:  1    Str: 15      XL:     7   Next: 29%
Magic:  7/7        EV: 16    Int: 12      God:
Gold:   203        SH:  0    Dex:  8 (12) Spells: 6/6 levels left

rFire   . .          .
                       - Unarmed
rCold   . . .        (shield currently unavailable)
rNeg    . . .        (helmet restricted)
rPois   .            (no amulet)
rElec   .            (no ring)
rCorr   .            (no ring)
SInv    .            (no ring)
Will    .....        (no ring)
Stlth   +            (no ring)
HPRegen 0.27/turn    (no ring)
MPRegen 0.10/turn    (no ring)
                     (no ring)

%: no passive effects
@: flux-form, glowing
A: glow, contaminating, almost no armour, amphibious, 8 rings, camouflage 1,
gelatinous body 1, (nimble swimmer 1), tentacles
a: Begin Untransformation


You were on level 4 of the Dungeon.
You were something dangerously unstable.
You visited 1 branch of the dungeon, and saw 4 of its levels.
You also visited: Sewer.

You collected 203 gold pieces.

Inventory:

Talismans
 b - a beast talisman
 c - a flux talisman (active)
Scrolls
 d - a scroll of teleportation {unknown}
 e - 3 scrolls of immolation {unknown}
 f - 2 scrolls of revelation {unknown}
 h - 2 scrolls of vulnerability
 i - 2 scrolls of identify {unknown}
 j - a scroll of enchant weapon {unknown}
 m - a scroll of fear {unknown}
 n - 2 scrolls of fog {unknown}
 s - a scroll of noise {unknown}
 t - a scroll of acquirement {unknown}
 v - a scroll of enchant armour {unknown}
Potions
 a - a potion of lignification
 g - a potion of heal wounds
 k - 2 potions of curing {unknown}
 l - a potion of invisibility {unknown}
 o - 2 potions of resistance {unknown}
 p - a potion of brilliance {unknown}
 q - a potion of cancellation {unknown}
 r - 2 potions of might {unknown}
 u - a potion of attraction {unknown}


   Skills:
 - Level 1.0 Fighting
 - Level 2.0 Dodging
 + Level 4.3 Unarmed Combat
 - Level 7.0 Shapeshifting


You had 6 spell levels left.
You didn't know any spells.
Your spell library contained the following spells:

 Spells                   Type           Power      Damage    Failure   Level
 Passwall                 Erth           0%         N/A       69%         3
 Teleport Other           Tloc           0%         N/A       69%         3
 Volatile Blastmotes      Fire/Tloc      0%         2d10      69%         3
 Vhi's Electric Charge    Tloc/Air       0%         N/A       97%         4
 Bombard                  Conj/Erth      0%         9d1       100%        6
 Dispersal                Tloc           0%         N/A       100%        6
 Gell's Gavotte           Tloc           0%         2d(11-16) 100%        6


Dungeon Overview and Level Annotations

Branches:
Dungeon (4/15)              Sewer (visited)
 Temple: D:4-7

Altars:
Dithmenos

Annotations:
D:4 1 transporter, Menkaure


Innate Abilities, Weirdness & Mutations

You are something dangerously unstable.
You glow with magical radiation, making you easy to see and hit.
Foes you strike become dangerously contaminated with magical radiation.
You are incapable of wielding weapons or throwing items.
You cannot wear most types of armour.
You are amphibious.
You can wear up to eight rings at the same time.
Your skin changes colour to match your surroundings (Stealth+).
Your rubbery body absorbs attacks. (AC +1, EV +1)
((You are camouflaged when in or above water. (Stealth+)))
You have tentacles for arms and can constrict up to eight enemies at once.


Message History

You closely miss the adder. Your grab misses the adder.
The adder closely misses you. The adder misses you.
You miss the adder. Your grab misses the adder.
The adder bites you but does no damage.
You completely miss the adder. Your grab misses the adder.
Your squeeze misses the adder. The adder barely misses you.
You barely miss the adder. Your grab misses the adder.
The adder completely misses you.
You closely miss the adder. Your grab misses the adder. You squeeze the adder!
The adder is heavily wounded.
The adder barely misses you.
You miss the adder. Your grab misses the adder.
The adder is heavily wounded.
The adder bites you. The adder misses you.
You closely miss the adder. You grab the adder. You squeeze the adder.
You kill the adder!
You feel your dexterity returning.
You see here an adder corpse.
v - a scroll labelled WUVEFROLITEA Menkaure, Prince of Dust comes into view.
Menkaure shouts!
Menkaure casts a spell.
Menkaure seems to speed up.
Menkaure is nearby!
Menkaure is nearby!
Menkaure is nearby!
Menkaure is nearby!
Menkaure is nearby!
Menkaure is nearby!
Menkaure completely misses you.
You tentacle-slap Menkaure but do no damage.
Menkaure begins to glow.
You grab Menkaure. You constrict Menkaure.
Menkaure calls on the powers of darkness!
Your body is wracked with pain!
You tentacle-slap Menkaure but do no damage.
Menkaure glows dangerously bright.
You squeeze Menkaure, but do no damage.
Menkaure is lightly damaged.
You constrict Menkaure. Menkaure hits you!!
Ouch! That really hurt!
You die...

... .. ##.. ##
##.. ..##... ..
....# . #?M# .#
#p## #.##. #..#
#.......#
##.##..# .....
##....# ......
#....## #......
#..###.###.....#
##.#
#.##...#..##
###.#
##....#.....
#.#.#
#...#......


You could see Menkaure (fast, heavy contam).

Vanquished Creatures
  Sigmund (D:2)
  Eustachio (D:4)
  2 jellies (Sewer)
  Terence (D:2)
  8 adders
  4 ribbon worms
  3 dart slugs
  14 endoplasms
  8 giant cockroaches
  5 goblins
  2 hobgoblins (D:1)
  7 quokkas
  10 ball pythons
  5 bats
  3 frilled lizards
  8 kobolds
  9 rats
91 creatures vanquished.

Notes
Turn   | Place    | Note
-------+----------+-------------------------------------------
     0 | D:1      | Biggs the Octopode Shapeshifter began the quest for the
                  | Orb.
     0 | D:1      | Reached XP level 1. HP: 13/13 MP: 1/1
   111 | D:1      | Reached XP level 2. HP: 8/18 MP: 2/2
   558 | D:2      | Reached XP level 3. HP: 23/23 MP: 3/3
   570 | D:2      | Reached skill level 4 in Shapeshifting
   835 | D:2      | Reached XP level 4. HP: 19/28 MP: 4/4
   954 | D:2      | Noticed Terence
   962 | D:2      | Killed Terence
  1319 | D:2      | Noticed Sigmund
  1326 | D:2      | Killed Sigmund
  1327 | D:2      | Reached skill level 6 in Shapeshifting
  1327 | D:2      | Reached XP level 5. HP: 30/33 MP: 5/5
  1327 | D:2      | Reached XP level 6. HP: 35/38 MP: 6/6
  1912 | D:3      | Found a shadowy altar of Dithmenos.
  2249 | D:3      | Found a glowing drain.
  2320 | Sewer    | Entered a sewer
  2583 | Sewer    | Found a viscous altar of Jiyva.
  3125 | D:4      | Found a transporter.
  3238 | D:4      | Noticed Eustachio
  3420 | D:4      | Killed Eustachio
  3421 | D:4      | Reached skill level 7 in Shapeshifting
  3421 | D:4      | Reached XP level 7. HP: 3/43 MP: 7/7
  3887 | D:4      | Noticed Menkaure
  3892 | D:4      | Slain by Menkaure

Illustrated notes

Levels and vault maps discovered:
D:1:      minmay_arrival_glassed_features, layout_rooms
D:2:      layout_basic, serial_forest, infiniplex_forest_clump_C,
          infiniplex_forest_clump_curved, infiniplex_forest_end_2,
          infiniplex_forest_straight_2, infiniplex_forest_straight_2,
          infiniplex_forest_lined_3, hangedman_glass_teeth, uniq_terence,
          uniq_sigmund
D:3:      layout_loops_corners, grunt_dithmenos_smoke_and_mirrors,
          gup_sewer_entry_bowl
D:4:      gammafunk_steamed_eel, layout_layer_cave, uniq_menkaure,
          uniq_eustachio

Skill      XL: |  1  2  3  4  5  6 |
---------------+-------------------+-----
Shapeshifting  | 4 6 7 |  7.0
Unarmed Combat | 4 |  4.3
Fighting       | |  1.0
Dodging        | |  2.0

Action                     |  1- 3 |  4- 6 |  7- 9 || total
---------------------------+-------+-------+-------++-------
  Melee: Unarmed           |    49 |   113 |    18 ||   180
         Constrict         |    13 |    26 |     6 ||    45
         Tentacles         |     8 |    27 |     5 ||    40
         Punch             |     2 |     6 |       ||     8
    Use: Potion            |       |     2 |       ||     2
         Scroll            |       |     1 |       ||     1
   Stab: Sleeping          |     4 |     7 |       ||    11
         Distracted        |       |     1 |       ||     1
 Armour: Skin              |    22 |    81 |     6 ||   109
  Dodge: Dodged            |    27 |    88 |    11 ||   126
   Form: Flux              |       |       |     1 ||     1

Table legend: (Time is in decaauts)
 A = Elapsed time spent in this place.
 B = Non-inter-level travel time spent in this place.
 C = Inter-level travel time spent in this place.
 D = Time resting spent in this place.
 E = Time spent auto-exploring this place.
 F = Levels seen in this place.
 G = Mean time per level.
                   A        B        C        D        E       F      G
               +--------+--------+--------+--------+--------+-----+--------+
         Total |   3880 |   3723 |    157 |    261 |   2794 |   5 |  776.0 |
       Dungeon |   3454 |   3297 |    157 |    261 |   2474 |   4 |  863.5 |
         Sewer |    426 |    426 |      0 |      0 |    320 |   1 |  426.0 |
               +--------+--------+--------+--------+--------+-----+--------+

Top non-repeatable levels by time:
     D:3: 1143 daAuts
     D:2: 1071 daAuts
     D:4: 688 daAuts
     D:1: 551 daAuts
   Sewer: 426 daAuts
